Connexion

SAN JOSE Sharks vs DALLAS Stars

Created - 28 août 2023 at 07:07

Goals
1 2 3 T
SAN JOSE Sharks 2 2 0 4
DALLAS Stars 1 0 0 1
Shots
1 2 3 T
SAN JOSE Sharks 13 13 9 35
DALLAS Stars 13 5 8 26

GoalsPenalties
1st period
1. SAN JOSE Sharks , Michael McLeod 1 (Brendan Perlini 1) at 1:35
2. DALLAS Stars , Tyler Bertuzzi 5 (Dylan Cozens 5) at 10:34 (PP)
3. SAN JOSE Sharks , Derek Stepan 4 (Zemgus Girgensons 9, Ondrej Palat 5) at 19:33
Zemgus Girgensons (S.J) for Interference (Minor) at 8:51
Christian Jaros (S.J) for Slashing (Minor) at 16:13
Kevin Hayes (DAL) for Hooking (Minor) at 19:55
2nd period
4. SAN JOSE Sharks , Ondrej Palat 9 (Marcus Pettersson 12, Derek Stepan 6) at 0:13 (PP)
5. SAN JOSE Sharks , Derek Stepan 5 (Ondrej Palat 6, Zemgus Girgensons 10) at 18:53
Darnell Nurse (DAL) for Holding (Minor) at 0:56
Darnell Nurse (DAL) for Roughing (Minor) at 4:54
Jason Demers (DAL) for Hooking (Minor) at 10:26
Rasmus Ristolainen (S.J) for Roughing (Minor) at 14:17
3rd period
No Goal
Vincent Desharnais (S.J) for Hooking (Minor) at 4:36
Nathan Beaulieu (S.J) for Hooking (Minor) at 10:35
Goalie Stats
Jake Oettinger (S.J), 25 saves from 26 shots - (0,962), W, 9-3-0, 60:00 minutes
Joonas Korpisalo (DAL), 31 saves from 35 shots - (0,886), L, 6-5-0, 60:00 minutes
3 StarsOfficial
1 - Derek Stepan (S.J)
2 - Ondrej Palat (S.J)
3 - Jake Oettinger (S.J)
Referees : Ghislain Hebert and Chris Rooney
Linesman : Lonnie Cameron and Michel Cormier
Game Note
No Game Note
Finance
Level 1 -- Attendance: 5915 (98,58%) -- Ticket Income 739 375 $
Level 2 -- Attendance: 5532 (100,00%) -- Ticket Income 414 900 $
Level 3 -- Attendance: 1912 (95,60%) -- Ticket Income 99 424 $
Level 4 -- Attendance: 4000 (100,00%) -- Ticket Income 144 000 $
Luxury Box -- Attendance: 993 (99,30%) -- Ticket Income 243 285 $
Game was played at the American Airlines Center.
Total Attendance: 18352 (99,03%)
Total Ticket Income: 1 640 984 $
Other Income: 328 197 $
Total Income: 1 969 181 $



Team Name Goals Shots Shots Attemp Shots Blocked PIM HIT PP PK FO%
SAN JOSE Sharks 43557510171 / 4 (25%)147%
DALLAS Stars 1265358181 / 5 (20%)153%

SAN JOSE Sharks
Player Name POS G A P +/- PIM HIT SHT SB MP PP MP PP SHT PK MP PK SHT FO% FOT
Brendan PerliniLW/RW011100004:430:0000:0000% 0
Christian JarosD0001232019:462:3213:2200% 0
Cody CeciD0001000012:530:0000:0000% 0
Connor BrownRW0000001011:500:0000:0000% 1
Derek StepanC/LW/RW2132004118:583:1712:330100% 2
Erik HaulaC/LW0000020011:500:0000:00043% 14
Josh AndersonRW000101105:520:0001:0900% 1
Lucas RaymondLW0000012011:500:0000:0000% 0
Marcus PetterssonD0111002026:183:4325:1500% 0
Michael McLeodC101100404:430:0000:00040% 5
Mike HoffmanC/LW0000007017:232:5810:0000% 1
Nathan BeaulieuD0001230120:292:3203:2000% 0
Ondrej PalatLW1232024023:313:1727:0600% 2
Rasmus RistolainenD0001220225:083:4304:0600% 0
Sean Couturier C0000003017:332:5800:10041% 22
Tom WilsonRW0000010119:562:5802:3300% 0
Vincent DesharnaisD0001220015:220:0003:1500% 0
Zemgus GirgensonsC/LW/RW0222205022:113:1715:47058% 33
DALLAS Stars
Player Name POS G A P +/- PIM HIT SHT SB MP PP MP PP SHT PK MP PK SHT FO% FOT
Blake ComeauLW/RW000000005:000:0000:0000% 0
Darnell NurseD000-2433024:164:4730:5500% 0
Dylan CozensC011-1001024:034:2314:19060% 25
Ethan BearD0000011221:294:1813:0600% 0
Jason DemersD000-1210013:030:0001:3900% 0
Johan LarssonC/LW/RW000001105:000:0000:0000% 0
Kevin HayesC/LW/RW000-1213017:344:4230:00033% 3
Mikhail SergachevD0000051022:174:5213:2000% 0
Morgan FrostC000000105:010:0000:01075% 4
Nick LeddyD000-2012125:384:4712:1500% 0
Reilly SmithLW/RW000-1002019:314:4201:560100% 1
Sam ReinhartC/RW000-1002011:260:3400:0000% 0
Sebastien AhoC/LW/RW000-1005021:404:2331:56050% 6
Tanner JeannotLW/RW000-1030010:520:0000:0000% 0
Tomas HertlC/LW000-1001018:095:1600:00052% 23
Tyler BertuzziLW/RW101-1023024:024:2314:18044% 9
Vladislav GavrikovD000-1000213:140:3401:1500% 0
William KarlssonC/LW000-1000011:260:3400:00040% 10



Play-by-Play

1st period


0:01 of 1st period - Dylan Cozens wins face-off versus Zemgus Girgensons in neutral zone.
0:39 of 1st period - Icing by Darnell Nurse.
0:40 of 1st period - Dylan Cozens wins face-off versus Sean Couturier in DALLAS Stars zone.
1:10 of 1st period - Off-side.
1:11 of 1st period - Reilly Smith wins face-off versus Erik Haula in neutral zone.
1:11 of 1st period - Reilly Smith is hit by Erik Haula.
1:24 of 1st period - Reilly Smith is hit by Vincent Desharnais and loses puck.
1:33 of 1st period - Shot by Connor Brown.
1:33 of 1st period - Stopped by Joonas Korpisalo without a rebound.
1:34 of 1st period - Michael McLeod wins face-off versus William Karlsson in DALLAS Stars zone.
1:35 of 1st period - Shot by Brendan Perlini.
1:35 of 1st period - Deflect By Michael McLeod.
1:35 of 1st period - Goal by Michael McLeod - SAN JOSE Sharks : 1 - DALLAS Stars : 0.
1:36 of 1st period - William Karlsson wins face-off versus Michael McLeod in neutral zone.
1:53 of 1st period - Shot by Michael McLeod.
1:53 of 1st period - Stopped by Joonas Korpisalo with a rebound.
2:03 of 1st period - Shot by Michael McLeod.
2:03 of 1st period - Stopped by Joonas Korpisalo without a rebound.
2:04 of 1st period - Morgan Frost wins face-off versus Zemgus Girgensons in DALLAS Stars zone.
2:04 of 1st period - Morgan Frost is hit by Ondrej Palat.
2:12 of 1st period - Morgan Frost is hit by Ondrej Palat and loses puck.
2:19 of 1st period - Shot by Zemgus Girgensons.
2:19 of 1st period - Shot Misses the Net.
2:21 of 1st period - Shot by Christian Jaros.
2:21 of 1st period - Stopped by Joonas Korpisalo with a rebound.
2:31 of 1st period - Shot by Ondrej Palat.
2:31 of 1st period - Stopped by Joonas Korpisalo without a rebound.
2:32 of 1st period - Sean Couturier wins face-off versus Tomas Hertl in DALLAS Stars zone.
3:04 of 1st period - Off-side.
3:05 of 1st period - Erik Haula wins face-off versus Dylan Cozens in neutral zone.
3:05 of 1st period - Erik Haula is hit by Tyler Bertuzzi.
5:04 of 1st period - Shot by Zemgus Girgensons.
5:04 of 1st period - Stopped by Joonas Korpisalo without a rebound.
5:05 of 1st period - Sean Couturier wins face-off versus Tomas Hertl in DALLAS Stars zone.
5:06 of 1st period - Shot by Mike Hoffman.
5:06 of 1st period - Shot Blocked by Ethan Bear.
5:22 of 1st period - Shot by Mike Hoffman.
5:22 of 1st period - Stopped by Joonas Korpisalo without a rebound.
5:23 of 1st period - Dylan Cozens wins face-off versus Michael McLeod in DALLAS Stars zone.
5:43 of 1st period - Off-side.
5:44 of 1st period - Zemgus Girgensons wins face-off versus Tomas Hertl in neutral zone.
6:08 of 1st period - Shot by Ondrej Palat.
6:08 of 1st period - Shot Misses the Net.
6:25 of 1st period - Icing by Christian Jaros.
6:26 of 1st period - Zemgus Girgensons wins face-off versus Dylan Cozens in SAN JOSE Sharks zone.
6:49 of 1st period - Shot by Sean Couturier .
6:49 of 1st period - Deflect By Mike Hoffman.
6:49 of 1st period - Shot Misses the Net.
7:01 of 1st period - Shot by Mike Hoffman.
7:01 of 1st period - Stopped by Joonas Korpisalo without a rebound.
7:02 of 1st period - Morgan Frost wins face-off versus Michael McLeod in DALLAS Stars zone.
7:28 of 1st period - Shot by Johan Larsson.
7:28 of 1st period - Stopped by Jake Oettinger with a rebound.
7:42 of 1st period - Shot by Josh Anderson.
7:42 of 1st period - Stopped by Joonas Korpisalo without a rebound.
7:43 of 1st period - Tomas Hertl wins face-off versus Sean Couturier in DALLAS Stars zone.
7:58 of 1st period - Shot by Kevin Hayes.
7:58 of 1st period - Shot Misses the Net.
8:51 of 1st period - Minor Penalty to Zemgus Girgensons for Interference.
8:52 of 1st period - Dylan Cozens wins face-off versus Josh Anderson in SAN JOSE Sharks zone.
9:03 of 1st period - Shot by Sebastien Aho.
9:03 of 1st period - Shot Misses the Net.
9:26 of 1st period - Shot by Dylan Cozens.
9:26 of 1st period - Stopped by Jake Oettinger without a rebound.
9:27 of 1st period - Tomas Hertl wins face-off versus Sean Couturier in SAN JOSE Sharks zone.
9:58 of 1st period - Shot by Kevin Hayes.
9:58 of 1st period - Stopped by Jake Oettinger with a rebound.
10:32 of 1st period - Shot by Ethan Bear.
10:32 of 1st period - Stopped by Jake Oettinger without a rebound.
10:33 of 1st period - Dylan Cozens wins face-off versus Sean Couturier in SAN JOSE Sharks zone.
10:34 of 1st period - Shot by Tyler Bertuzzi.
10:34 of 1st period - Goal by Tyler Bertuzzi - SAN JOSE Sharks : 1 - DALLAS Stars : 1.
10:35 of 1st period - William Karlsson wins face-off versus Erik Haula in neutral zone.
10:40 of 1st period - Shot by Sam Reinhart.
10:40 of 1st period - Stopped by Jake Oettinger without a rebound.
10:41 of 1st period - Dylan Cozens wins face-off versus Sean Couturier in SAN JOSE Sharks zone.
10:46 of 1st period - Shot by Sebastien Aho.
10:46 of 1st period - Stopped by Jake Oettinger without a rebound.
10:47 of 1st period - Sebastien Aho wins face-off versus Sean Couturier in SAN JOSE Sharks zone.
11:18 of 1st period - Shot by Sebastien Aho.
11:18 of 1st period - Stopped by Jake Oettinger without a rebound.
11:19 of 1st period - William Karlsson wins face-off versus Zemgus Girgensons in SAN JOSE Sharks zone.
11:28 of 1st period - Shot by Sam Reinhart.
11:28 of 1st period - Shot Misses the Net.
11:35 of 1st period - Zemgus Girgensons is hit by Tanner Jeannot and loses puck.
11:53 of 1st period - Shot by Zemgus Girgensons.
11:53 of 1st period - Stopped by Joonas Korpisalo without a rebound.
11:54 of 1st period - Dylan Cozens wins face-off versus Erik Haula in DALLAS Stars zone.
11:54 of 1st period - Dylan Cozens is hit by Erik Haula.
12:20 of 1st period - Erik Haula is hit by Tyler Bertuzzi and loses puck.
13:01 of 1st period - Derek Stepan is hit by Kevin Hayes.
13:25 of 1st period - Shot by Ondrej Palat.
13:25 of 1st period - Stopped by Joonas Korpisalo with a rebound.
14:36 of 1st period - Off-side.
14:37 of 1st period - Erik Haula wins face-off versus Dylan Cozens in neutral zone.
15:11 of 1st period - Icing by Tyler Bertuzzi.
15:12 of 1st period - Zemgus Girgensons wins face-off versus Dylan Cozens in DALLAS Stars zone.
16:10 of 1st period - Shot by Morgan Frost.
16:10 of 1st period - Stopped by Jake Oettinger without a rebound.
16:11 of 1st period - Tomas Hertl wins face-off versus Sean Couturier in SAN JOSE Sharks zone.
16:11 of 1st period - Kevin Hayes is hit by Christian Jaros and loses puck.
16:13 of 1st period - Minor Penalty to Christian Jaros for Slashing.
16:14 of 1st period - Tomas Hertl wins face-off versus Zemgus Girgensons in SAN JOSE Sharks zone.
16:15 of 1st period - Shot by Kevin Hayes.
16:15 of 1st period - Stopped by Jake Oettinger without a rebound.
16:16 of 1st period - Tomas Hertl wins face-off versus Zemgus Girgensons in SAN JOSE Sharks zone.
16:17 of 1st period - Shot by Darnell Nurse.
16:17 of 1st period - Shot Misses the Net.
16:23 of 1st period - Shot by Tomas Hertl.
16:23 of 1st period - Shot Misses the Net.
16:25 of 1st period - Shot by Tomas Hertl.
16:25 of 1st period - Shot Misses the Net.
16:27 of 1st period - Shot by Nick Leddy.
16:27 of 1st period - Shot Misses the Net.
16:29 of 1st period - Shot by Darnell Nurse.
16:29 of 1st period - Stopped by Jake Oettinger without a rebound.
16:30 of 1st period - Zemgus Girgensons wins face-off versus Sebastien Aho in SAN JOSE Sharks zone.
16:42 of 1st period - Shot by Mikhail Sergachev.
16:42 of 1st period - Shot Misses the Net.
16:44 of 1st period - Shot by Ethan Bear.
16:44 of 1st period - Shot Blocked by Derek Stepan.
17:07 of 1st period - Icing by Tyler Bertuzzi.
17:08 of 1st period - Dylan Cozens wins face-off versus Zemgus Girgensons in DALLAS Stars zone.
17:46 of 1st period - Darnell Nurse is hit by Nathan Beaulieu and loses puck.
17:53 of 1st period - Shot by Nick Leddy.
17:53 of 1st period - Shot Misses the Net.
17:55 of 1st period - Shot by Nick Leddy.
17:55 of 1st period - Shot Blocked by Nathan Beaulieu.
17:57 of 1st period - Shot by Darnell Nurse.
17:57 of 1st period - Stopped by Jake Oettinger without a rebound.
17:58 of 1st period - Tomas Hertl wins face-off versus Zemgus Girgensons in SAN JOSE Sharks zone.
17:58 of 1st period - Reilly Smith is hit by Nathan Beaulieu.
18:10 of 1st period - Shot by Darnell Nurse.
18:10 of 1st period - Stopped by Jake Oettinger without a rebound.
18:11 of 1st period - Derek Stepan wins face-off versus Dylan Cozens in SAN JOSE Sharks zone.
18:40 of 1st period - Shot by Mike Hoffman.
18:40 of 1st period - Deflect By Sean Couturier .
18:40 of 1st period - Shot Misses the Net.
19:23 of 1st period - Icing by Nick Leddy.
19:24 of 1st period - Zemgus Girgensons wins face-off versus Dylan Cozens in DALLAS Stars zone.
19:31 of 1st period - Shot by Zemgus Girgensons.
19:31 of 1st period - Shot Misses the Net.
19:33 of 1st period - Shot by Derek Stepan.
19:33 of 1st period - Goal by Derek Stepan - SAN JOSE Sharks : 2 - DALLAS Stars : 1.
19:34 of 1st period - Erik Haula wins face-off versus Kevin Hayes in neutral zone.
19:40 of 1st period - Lucas Raymond is hit by Ethan Bear and loses puck.
19:44 of 1st period - Icing by Kevin Hayes.
19:45 of 1st period - Kevin Hayes wins face-off versus Zemgus Girgensons in DALLAS Stars zone.
19:51 of 1st period - Christian Jaros is hit by Mikhail Sergachev and loses puck.
19:55 of 1st period - Minor Penalty to Kevin Hayes for Hooking.
19:56 of 1st period - Zemgus Girgensons wins face-off versus Tyler Bertuzzi in DALLAS Stars zone.
Goals for this period are 2 for SAN JOSE Sharks vs 1 for DALLAS Stars .
Shots for this period are 13 for SAN JOSE Sharks vs 13 for DALLAS Stars .

2nd period


0:01 of 2nd period - Tyler Bertuzzi wins face-off versus Zemgus Girgensons in neutral zone.
0:13 of 2nd period - Shot by Ondrej Palat.
0:13 of 2nd period - Goal by Ondrej Palat - SAN JOSE Sharks : 3 - DALLAS Stars : 1.
0:14 of 2nd period - Sean Couturier wins face-off versus Kevin Hayes in neutral zone.
0:37 of 2nd period - Shot by Tom Wilson.
0:37 of 2nd period - Shot Misses the Net.
0:39 of 2nd period - Shot by Mike Hoffman.
0:39 of 2nd period - Stopped by Joonas Korpisalo without a rebound.
0:40 of 2nd period - Zemgus Girgensons wins face-off versus Dylan Cozens in DALLAS Stars zone.
0:56 of 2nd period - Minor Penalty to Darnell Nurse for Holding.
0:57 of 2nd period - Sean Couturier wins face-off versus Tyler Bertuzzi in DALLAS Stars zone.
1:59 of 2nd period - Shot by Marcus Pettersson.
1:59 of 2nd period - Shot Misses the Net.
2:01 of 2nd period - Shot by Derek Stepan.
2:01 of 2nd period - Stopped by Joonas Korpisalo without a rebound.
2:02 of 2nd period - Zemgus Girgensons wins face-off versus Sebastien Aho in DALLAS Stars zone.
2:02 of 2nd period - Zemgus Girgensons is hit by Nick Leddy.
2:23 of 2nd period - Derek Stepan is hit by Jason Demers and loses puck.
3:09 of 2nd period - Lucas Raymond is hit by Mikhail Sergachev and loses puck.
3:26 of 2nd period - Shot by Tanner Jeannot.
3:26 of 2nd period - Shot Misses the Net.
3:28 of 2nd period - Shot by Sam Reinhart.
3:28 of 2nd period - Deflect By Tanner Jeannot.
3:28 of 2nd period - Shot Hit the Post.
3:30 of 2nd period - Shot by Sam Reinhart.
3:30 of 2nd period - Shot Misses the Net.
3:32 of 2nd period - Shot by Tanner Jeannot.
3:32 of 2nd period - Shot Misses the Net.
4:01 of 2nd period - Icing by Lucas Raymond.
4:02 of 2nd period - Erik Haula wins face-off versus Tomas Hertl in SAN JOSE Sharks zone.
4:23 of 2nd period - Shot by Kevin Hayes.
4:23 of 2nd period - Deflect By Reilly Smith.
4:23 of 2nd period - Shot Misses the Net.
4:39 of 2nd period - Shot by Kevin Hayes.
4:39 of 2nd period - Shot Misses the Net.
4:54 of 2nd period - Minor Penalty to Darnell Nurse for Roughing.
4:55 of 2nd period - Zemgus Girgensons wins face-off versus Tyler Bertuzzi in DALLAS Stars zone.
5:24 of 2nd period - Shot by Derek Stepan.
5:24 of 2nd period - Deflect By Zemgus Girgensons.
5:24 of 2nd period - Shot Misses the Net.
5:56 of 2nd period - Shot by Christian Jaros.
5:56 of 2nd period - Stopped by Joonas Korpisalo without a rebound.
5:57 of 2nd period - Sean Couturier wins face-off versus Sebastien Aho in DALLAS Stars zone.
7:19 of 2nd period - William Karlsson is hit by Vincent Desharnais and loses puck.
8:12 of 2nd period - Icing by Nick Leddy.
8:13 of 2nd period - Zemgus Girgensons wins face-off versus Tomas Hertl in DALLAS Stars zone.
8:13 of 2nd period - Ondrej Palat is hit by Darnell Nurse and loses puck.
8:53 of 2nd period - Zemgus Girgensons is hit by Darnell Nurse and loses puck.
9:26 of 2nd period - Icing by Nick Leddy.
9:27 of 2nd period - Erik Haula wins face-off versus Tomas Hertl in DALLAS Stars zone.
9:27 of 2nd period - Erik Haula is hit by Darnell Nurse.
9:41 of 2nd period - Shot by Connor Brown.
9:41 of 2nd period - Shot Blocked by Nick Leddy.
9:43 of 2nd period - Shot by Connor Brown.
9:43 of 2nd period - Deflect By Lucas Raymond.
9:43 of 2nd period - Stopped by Joonas Korpisalo without a rebound.
9:44 of 2nd period - Sean Couturier wins face-off versus Dylan Cozens in DALLAS Stars zone.
9:49 of 2nd period - Shot by Tom Wilson.
9:49 of 2nd period - Deflect By Sean Couturier .
9:49 of 2nd period - Shot Misses the Net.
10:01 of 2nd period - Shot by Tyler Bertuzzi.
10:01 of 2nd period - Stopped by Jake Oettinger without a rebound.
10:02 of 2nd period - Zemgus Girgensons wins face-off versus Morgan Frost in SAN JOSE Sharks zone.
10:02 of 2nd period - Zemgus Girgensons is hit by Johan Larsson.
10:26 of 2nd period - Minor Penalty to Jason Demers for Hooking.
10:27 of 2nd period - Tyler Bertuzzi wins face-off versus Sean Couturier in DALLAS Stars zone.
10:27 of 2nd period - Tyler Bertuzzi is hit by Tom Wilson.
10:42 of 2nd period - Icing by Marcus Pettersson.
10:43 of 2nd period - Tyler Bertuzzi wins face-off versus Sean Couturier in SAN JOSE Sharks zone.
11:18 of 2nd period - Shot by Mike Hoffman.
11:18 of 2nd period - Stopped by Joonas Korpisalo with a rebound.
11:20 of 2nd period - Shot by Rasmus Ristolainen.
11:20 of 2nd period - Shot Blocked by Vladislav Gavrikov.
11:22 of 2nd period - Shot by Marcus Pettersson.
11:22 of 2nd period - Stopped by Joonas Korpisalo with a rebound.
11:33 of 2nd period - Icing by Derek Stepan.
11:34 of 2nd period - Sebastien Aho wins face-off versus Zemgus Girgensons in SAN JOSE Sharks zone.
11:45 of 2nd period - Shot by Ondrej Palat.
11:45 of 2nd period - Shot Misses the Net.
11:47 of 2nd period - Shot by Zemgus Girgensons.
11:47 of 2nd period - Shot Blocked by Ethan Bear.
11:49 of 2nd period - Shot by Ondrej Palat.
11:49 of 2nd period - Stopped by Joonas Korpisalo with a rebound.
12:03 of 2nd period - Shot by Christian Jaros.
12:03 of 2nd period - Shot Misses the Net.
12:10 of 2nd period - Shot by Zemgus Girgensons.
12:10 of 2nd period - Stopped by Joonas Korpisalo without a rebound.
12:11 of 2nd period - Sean Couturier wins face-off versus Tyler Bertuzzi in DALLAS Stars zone.
12:22 of 2nd period - Shot by Marcus Pettersson.
12:22 of 2nd period - Shot Misses the Net.
12:24 of 2nd period - Shot by Marcus Pettersson.
12:24 of 2nd period - Stopped by Joonas Korpisalo without a rebound.
12:25 of 2nd period - Zemgus Girgensons wins face-off versus Tyler Bertuzzi in DALLAS Stars zone.
12:29 of 2nd period - Icing by Vladislav Gavrikov.
12:30 of 2nd period - Zemgus Girgensons wins face-off versus William Karlsson in DALLAS Stars zone.
13:07 of 2nd period - Shot by Tanner Jeannot.
13:07 of 2nd period - Shot Blocked by Rasmus Ristolainen.
13:09 of 2nd period - Shot by Sam Reinhart.
13:09 of 2nd period - Stopped by Jake Oettinger without a rebound.
13:10 of 2nd period - Dylan Cozens wins face-off versus Sean Couturier in SAN JOSE Sharks zone.
13:13 of 2nd period - Shot by Sebastien Aho.
13:13 of 2nd period - Shot Blocked by Tom Wilson.
13:49 of 2nd period - Shot by Sean Couturier .
13:49 of 2nd period - Stopped by Joonas Korpisalo without a rebound.
13:50 of 2nd period - Tomas Hertl wins face-off versus Connor Brown in DALLAS Stars zone.
13:50 of 2nd period - Tomas Hertl is hit by Lucas Raymond.
14:17 of 2nd period - Minor Penalty to Rasmus Ristolainen for Roughing.
14:18 of 2nd period - Dylan Cozens wins face-off versus Zemgus Girgensons in SAN JOSE Sharks zone.
14:19 of 2nd period - Shot by Darnell Nurse.
14:19 of 2nd period - Shot Misses the Net.
14:23 of 2nd period - Shot by Sebastien Aho.
14:23 of 2nd period - Stopped by Jake Oettinger without a rebound.
14:24 of 2nd period - Zemgus Girgensons wins face-off versus Dylan Cozens in SAN JOSE Sharks zone.
15:46 of 2nd period - Shot by Kevin Hayes.
15:46 of 2nd period - Stopped by Jake Oettinger without a rebound.
15:47 of 2nd period - Dylan Cozens wins face-off versus Zemgus Girgensons in SAN JOSE Sharks zone.
15:48 of 2nd period - Shot by Sebastien Aho.
15:48 of 2nd period - Stopped by Jake Oettinger without a rebound.
15:49 of 2nd period - Zemgus Girgensons wins face-off versus Tomas Hertl in SAN JOSE Sharks zone.
16:24 of 2nd period - Connor Brown is hit by Mikhail Sergachev and loses puck.
16:38 of 2nd period - Mikhail Sergachev is hit by Rasmus Ristolainen.
17:05 of 2nd period - Erik Haula is hit by Mikhail Sergachev and loses puck.
17:13 of 2nd period - Icing by Mikhail Sergachev.
17:14 of 2nd period - Morgan Frost wins face-off versus Sean Couturier in DALLAS Stars zone.
17:33 of 2nd period - Shot by Christian Jaros.
17:33 of 2nd period - Shot Blocked by Vladislav Gavrikov.
17:35 of 2nd period - Shot by Sean Couturier .
17:35 of 2nd period - Shot Misses the Net.
17:45 of 2nd period - Shot by Mike Hoffman.
17:45 of 2nd period - Stopped by Joonas Korpisalo with a rebound.
18:26 of 2nd period - Off-side.
18:27 of 2nd period - Zemgus Girgensons wins face-off versus Tomas Hertl in neutral zone.
18:51 of 2nd period - Shot by Derek Stepan.
18:51 of 2nd period - Shot Misses the Net.
18:53 of 2nd period - Shot by Derek Stepan.
18:53 of 2nd period - Goal by Derek Stepan - SAN JOSE Sharks : 4 - DALLAS Stars : 1.
18:54 of 2nd period - Erik Haula wins face-off versus William Karlsson in neutral zone.
19:12 of 2nd period - Lucas Raymond is hit by Mikhail Sergachev and loses puck.
Goals for this period are 2 for SAN JOSE Sharks vs 0 for DALLAS Stars .
Shots for this period are 13 for SAN JOSE Sharks vs 5 for DALLAS Stars .

3rd period


0:01 of 3rd period - Dylan Cozens wins face-off versus Ondrej Palat in neutral zone.
1:06 of 3rd period - Shot by Mike Hoffman.
1:06 of 3rd period - Stopped by Joonas Korpisalo with a rebound.
1:08 of 3rd period - Shot by Sean Couturier .
1:08 of 3rd period - Deflect By Mike Hoffman.
1:08 of 3rd period - Shot Misses the Net.
1:14 of 3rd period - Shot by Tom Wilson.
1:14 of 3rd period - Shot Misses the Net.
1:16 of 3rd period - Shot by Sean Couturier .
1:16 of 3rd period - Stopped by Joonas Korpisalo without a rebound.
1:17 of 3rd period - Michael McLeod wins face-off versus Tomas Hertl in DALLAS Stars zone.
2:53 of 3rd period - Mike Hoffman is hit by Tanner Jeannot and loses puck.
3:40 of 3rd period - Shot by Ondrej Palat.
3:40 of 3rd period - Shot Misses the Net.
3:51 of 3rd period - Off-side.
3:52 of 3rd period - Dylan Cozens wins face-off versus Erik Haula in neutral zone.
4:15 of 3rd period - Shot by Tyler Bertuzzi.
4:15 of 3rd period - Shot Misses the Net.
4:27 of 3rd period - Shot by Dylan Cozens.
4:27 of 3rd period - Shot Misses the Net.
4:29 of 3rd period - Shot by Sebastien Aho.
4:29 of 3rd period - Shot Misses the Net.
4:31 of 3rd period - Shot by Tyler Bertuzzi.
4:31 of 3rd period - Stopped by Jake Oettinger with a rebound.
4:33 of 3rd period - Shot by Sebastien Aho.
4:33 of 3rd period - Shot Misses the Net.
4:36 of 3rd period - Minor Penalty to Vincent Desharnais for Hooking.
4:37 of 3rd period - Tomas Hertl wins face-off versus Zemgus Girgensons in SAN JOSE Sharks zone.
5:48 of 3rd period - Shot by Sebastien Aho.
5:48 of 3rd period - Stopped by Jake Oettinger with a rebound.
6:14 of 3rd period - Shot by Mikhail Sergachev.
6:14 of 3rd period - Shot Misses the Net.
6:16 of 3rd period - Shot by Mikhail Sergachev.
6:16 of 3rd period - Stopped by Jake Oettinger without a rebound.
6:17 of 3rd period - Derek Stepan wins face-off versus Tomas Hertl in SAN JOSE Sharks zone.
7:04 of 3rd period - Jason Demers is hit by Josh Anderson and loses puck.
7:13 of 3rd period - Shot by Brendan Perlini.
7:13 of 3rd period - Deflect By Michael McLeod.
7:13 of 3rd period - Stopped by Joonas Korpisalo without a rebound.
7:14 of 3rd period - Dylan Cozens wins face-off versus Sean Couturier in DALLAS Stars zone.
7:34 of 3rd period - Shot by Mike Hoffman.
7:34 of 3rd period - Stopped by Joonas Korpisalo without a rebound.
7:35 of 3rd period - Tomas Hertl wins face-off versus Erik Haula in DALLAS Stars zone.
7:54 of 3rd period - Shot by Reilly Smith.
7:54 of 3rd period - Stopped by Jake Oettinger with a rebound.
7:57 of 3rd period - Icing by Christian Jaros.
7:58 of 3rd period - Sebastien Aho wins face-off versus Erik Haula in SAN JOSE Sharks zone.
9:27 of 3rd period - Shot by Sean Couturier .
9:27 of 3rd period - Stopped by Joonas Korpisalo without a rebound.
9:28 of 3rd period - Tomas Hertl wins face-off versus Sean Couturier in DALLAS Stars zone.
9:45 of 3rd period - Shot by Reilly Smith.
9:45 of 3rd period - Stopped by Jake Oettinger with a rebound.
10:35 of 3rd period - Minor Penalty to Nathan Beaulieu for Hooking.
10:36 of 3rd period - Zemgus Girgensons wins face-off versus Dylan Cozens in SAN JOSE Sharks zone.
10:52 of 3rd period - Shot by Nick Leddy.
10:52 of 3rd period - Stopped by Jake Oettinger without a rebound.
10:53 of 3rd period - Tomas Hertl wins face-off versus Ondrej Palat in SAN JOSE Sharks zone.
11:47 of 3rd period - Tyler Bertuzzi is hit by Christian Jaros and loses puck.
13:19 of 3rd period - Shot by Lucas Raymond.
13:19 of 3rd period - Stopped by Joonas Korpisalo without a rebound.
13:20 of 3rd period - Sean Couturier wins face-off versus William Karlsson in DALLAS Stars zone.
13:48 of 3rd period - Sam Reinhart is hit by Rasmus Ristolainen.
14:13 of 3rd period - Icing by Darnell Nurse.
14:14 of 3rd period - Zemgus Girgensons wins face-off versus William Karlsson in DALLAS Stars zone.
14:21 of 3rd period - Shot by Zemgus Girgensons.
14:21 of 3rd period - Stopped by Joonas Korpisalo without a rebound.
14:22 of 3rd period - Tyler Bertuzzi wins face-off versus Zemgus Girgensons in DALLAS Stars zone.
14:43 of 3rd period - Shot by Zemgus Girgensons.
14:43 of 3rd period - Stopped by Joonas Korpisalo with a rebound.
15:04 of 3rd period - Off-side.
15:05 of 3rd period - Tomas Hertl wins face-off versus Mike Hoffman in neutral zone.
15:18 of 3rd period - Shot by Tomas Hertl.
15:18 of 3rd period - Stopped by Jake Oettinger without a rebound.
15:19 of 3rd period - William Karlsson wins face-off versus Erik Haula in SAN JOSE Sharks zone.
15:35 of 3rd period - Sam Reinhart is hit by Nathan Beaulieu and loses puck.
15:48 of 3rd period - Erik Haula is hit by Tanner Jeannot and loses puck.
15:58 of 3rd period - Icing by Nathan Beaulieu.
15:59 of 3rd period - Dylan Cozens wins face-off versus Erik Haula in SAN JOSE Sharks zone.
16:15 of 3rd period - Dylan Cozens is hit by Christian Jaros and loses puck.
17:11 of 3rd period - Shot by Derek Stepan.
17:11 of 3rd period - Stopped by Joonas Korpisalo without a rebound.
17:12 of 3rd period - Sean Couturier wins face-off versus William Karlsson in DALLAS Stars zone.
17:25 of 3rd period - Shot by William Karlsson.
17:25 of 3rd period - Shot Misses the Net.
17:45 of 3rd period - Shot by Nick Leddy.
17:45 of 3rd period - Stopped by Jake Oettinger without a rebound.
17:46 of 3rd period - Zemgus Girgensons wins face-off versus Tomas Hertl in SAN JOSE Sharks zone.
19:04 of 3rd period - Shot by Tyler Bertuzzi.
19:04 of 3rd period - Shot Blocked by Rasmus Ristolainen.
Goals for this period are 0 for SAN JOSE Sharks vs 0 for DALLAS Stars .
Shots for this period are 9 for SAN JOSE Sharks vs 8 for DALLAS Stars .